 Dungeon Crawl Stone Soup version 0.29-a0-419-g77450f2105 (webtiles) character file.

Game seed: 14755398461953622809

27774 Ijustatesigmund the Thaumaturge (level 13, -4/107 HPs)
             Began as a Gnoll Fire Elementalist on May 17, 2022.
             Was the Champion of Cheibriados.
             Slain by a catoblepas (25 damage)
             ... on level 1 of the Lair of Beasts on May 18, 2022.
             The game lasted 00:47:23 (21712 turns).

Ijustatesigmund the Thaumaturge (GnFE)             Turns: 21712, Time: 00:47:24

Health: -4/107     AC: 11    Str: 24    XL:     13   Next: 34%
Magic:  18/26      EV: 21    Int: 34    God:    Cheibriados [******]
Gold:   710        SH:  5    Dex: 29    Spells: 19/31 levels left

rFire   + + +      SeeInvis +   v - +4 quarterstaff of Dividends {flame, rElec rF++}
rCold   . . .      Faith    .   (shield currently unavailable)
rNeg    . . .      Spirit   .   a - +3 leather armour of the End {rC+ SInv}
rPois   .          Reflect  +   (no helmet)
rElec   +          Harm     .   u - +0 cloak
rCorr   .          Rampage  .   E - +0 pair of gloves
Will    .....                   x - +0 pair of boots
Stlth   +++++.....              s - amulet of reflection
HPRegen 0.27/turn               t - ring of wizardry
MPRegen 0.20/turn               y - ring of fire

@: very slow
A: fangs 1, strong nose, distributed training, robust 1, strong 1
a: Renounce Religion, Bend Time, Temporal Distortion, Slouch, Step From Time


You were on level 1 of the Lair of Beasts.
You worshipped Cheibriados.
Cheibriados was exalted by your worship.
You visited 3 branches of the dungeon, and saw 15 of its levels.

You collected 710 gold pieces.

Inventory:

Hand Weapons
 i - a +6 trident of protection
 v - the +4 quarterstaff of Dividends (weapon) {flame, rElec rF++}
   (You found it on level 8 of the Dungeon)

   It burns those it strikes, dealing additional fire damage.
   rF:        It greatly protects you from fire.
   rElec:     It insulates you from electricity.
Missiles
 h - 3 throwing nets
Armour
 a - the +3 leather armour of the End (worn) {rC+ SInv}
   (You found it on level 3 of the Dungeon)

   rC:        It protects you from cold.
   SInv:      It lets you see invisible.
 u - a +0 cloak (worn)
 x - a +0 pair of boots (worn)
 E - a +0 pair of gloves (worn)
Jewellery
 s - an amulet of reflection (around neck)
 t - a ring of wizardry (left hand)
 y - a ring of fire (right hand)
 z - an amulet of regeneration
 L - a ring of flight
 P - a ring of willpower
Wands
 k - a wand of polymorph (16)
 o - a wand of acid (8)
 r - a wand of iceblast (2)
Scrolls
 e - 2 scrolls of enchant weapon
 g - 3 scrolls of amnesia
 w - 2 scrolls of identify
 A - 3 scrolls of magic mapping
 B - 3 scrolls of fear
 H - 2 scrolls of fog
 J - 4 scrolls of teleportation
 K - a scroll of brand weapon
 M - a scroll of immolation
 Q - a scroll of enchant armour {unknown}
Potions
 b - a potion of magic
 c - 4 potions of mutation
 d - 4 potions of haste
 f - 4 potions of ambrosia
 j - a potion of resistance
 l - 6 potions of curing
 m - 2 potions of attraction
 p - a potion of lignification
 F - a potion of invisibility
 G - a potion of heal wounds
 N - a potion of berserk rage
 O - a potion of might


   Skills:
 + Level 8.2 Fighting
 + Level 8.2 Short Blades
 + Level 8.2 Long Blades
 + Level 8.2 Axes
 + Level 8.2 Maces & Flails
 + Level 8.2 Polearms
 + Level 8.2 Staves
 + Level 8.2 Slings
 + Level 8.2 Bows
 + Level 8.2 Crossbows
 + Level 8.2 Throwing
 + Level 8.2 Armour
 + Level 9.4 Dodging
 + Level 9.3 Stealth
 + Level 8.2 Shields
 + Level 8.2 Unarmed Combat
 + Level 9.7 Spellcasting
 + Level 7.2 Conjurations
 + Level 6.8 Hexes
 + Level 6.8 Summonings
 + Level 6.8 Necromancy
 + Level 6.8 Translocations
 + Level 6.8 Transmutations
 + Level 8.8 Fire Magic
 + Level 6.8 Ice Magic
 + Level 6.8 Air Magic
 + Level 6.8 Earth Magic
 + Level 6.8 Poison Magic
 + Level 9.0 Invocations
 + Level 8.2 Evocations


You had 19 spell levels left.
You knew the following spells:

 Your Spells              Type           Power      Damage    Failure   Level
a - Foxfire               Conj/Fire      100%       2x1d9     1%          1
b - Scorch                Fire           100%       2d10      1%          2
c - Flame Wave            Conj/Fire      82%        2d14      1%          4
d - Passwall              Tmut/Erth      48%        N/A       1%          2
e - Stone Arrow           Conj/Erth      100%       3d13      1%          3

Your spell library contained the following spells:

 Spells                   Type           Power      Damage    Failure   Level
 Summon Small Mammal      Summ           100%       N/A       1%          1
 Ensorcelled Hibernation  Hex/Ice        100%       N/A       1%          2
 Call Canine Familiar     Summ           58%        N/A       1%          3
 Conjure Flame            Conj/Fire      82%        6-21      1%          3
 Inner Flame              Hex/Fire       81%        N/A       1%          3
 Ozocubu's Armour         Ice            58%        N/A       1%          3
 Portal Projectile        Hex/Tloc       100%       N/A       1%          3
 Summon Guardian Golem    Hex/Summ       58%        N/A       1%          3
 Swiftness                Air            58%        N/A       1%          3
 Animate Armour           Summ/Erth      100%       N/A       1%          4
 Passage of Golubria      Tloc           58%        N/A       1%          4
 Blade Hands              Tmut           29%        N/A       1%          5
 Excruciating Wounds      Necr           29%        N/A       1%          5
 Metabolic Englaciation   Hex/Ice        29%        N/A       1%          5
 Silence                  Hex/Air        29%        N/A       1%          5
 Dispersal                Tloc           29%        N/A       12%         6
 Simulacrum               Ice/Necr       29%        N/A       12%         6
 Lehudib's Crystal Spear  Conj/Erth      29%        10d8      98%         8
 Disjunction              Tloc           29%        N/A       99%         8


Dungeon Overview and Level Annotations

Branches:
Dungeon (13/15)            Temple (1/1) D:5            Lair (1/6) D:8
    Orc (0/2) D:12         Vaults (0/5) D:13

Altars:
Ashenzari
Cheibriados
Dithmenos
Elyvilon
Fedhas
Gozag
Hepliaklqana
Kikubaaqudgha
Makhleb
Nemelex Xobeh
Okawaru
Qazlal
Ru
Sif Muna
Trog
Uskayaw
Vehumet
Wu Jian
Xom
Yredelemnul
Zin
The Shining One

Shops:
D:4 *

Annotations:
D:9 1 runed translucent door
D:11 3 runed translucent doors, Serus's ghost, journeyman VSFi


Innate Abilities, Weirdness & Mutations

You have very sharp teeth.
Your uncanny sense of smell can sniff out nearby items.
Your experience applies equally to all skills.
You are robust. (+10% HP)
Your muscles are strong. (Str +2)


Message History

You are engulfed in calcifying dust.
The catoblepas gores you!!
You are engulfed in calcifying dust.
The catoblepas gores you.
You turn to flesh and can move again.
Casting: Foxfire (safe; 1% risk of failure)
Confirm with . or Enter, or press ? or * to list all spells.
Aiming: Stone Arrow (safe; 1% risk of failure)
Press: ? - help, Shift-Dir - straight line, f - catoblepas
Aim: a catoblepas (100% to hit)
The stone arrow hits the catoblepas!
The catoblepas is lightly wounded.
The catoblepas breathes a plume of calcifying dust at you.
The blast of calcifying dust hits you. The catoblepas barely misses you.
The catoblepas misses you.
Casting: Stone Arrow (safe; 1% risk of failure)
Confirm with . or Enter, or press ? or * to list all spells.
Aiming: Stone Arrow (safe; 1% risk of failure)
Press: ? - help, Shift-Dir - straight line, f/p - catoblepas
Aim: a catoblepas (lightly wounded, 100% to hit)
The stone arrow hits the catoblepas.
The catoblepas is moderately wounded.
The catoblepas barely misses you.
You hit the catoblepas. You burn the catoblepas.
You bite the catoblepas, but do no damage.
The catoblepas is moderately wounded.
The catoblepas breathes a plume of calcifying dust at you.
The blast of calcifying dust hits you.
Found a coral ring.
The catoblepas gores you!!
* * * LOW HITPOINT WARNING * * *
The catoblepas breathes a plume of calcifying dust at you.
The blast of calcifying dust hits you but does no damage.
The catoblepas breathes a plume of calcifying dust at you.
The blast of calcifying dust hits you but does no damage.
The catoblepas gores you but does no damage.
The catoblepas breathes a plume of calcifying dust at you.
The blast of calcifying dust hits you.
* * * LOW HITPOINT WARNING * * *
The catoblepas breathes a plume of calcifying dust at you.
The blast of calcifying dust hits you but does no damage.
The catoblepas gores you!!
You die...

.#. ###.#.##...####
##
...##.###.#..######
#........###.#
#.?...###....#
..#.........#
##.#.##.###
#....#.# ##§..Y..#
#P# #...§§@.# #..
#.....§.§..# #.#
.....§..§..#
....≈...§..#
#..♣≈♣♣≈§≈..# ..♣≈≈
..♣♣≈..# .≈≈P..P..
♣≈=.# ♣≈...... ≈P..
.


You could see a catoblepas.

Vanquished Creatures
  Snorg (D:10)
  Fannar (D:10)
  3 hydras
  Harold (D:8)
  A centaur warrior (D:13)
  2 dancing weapons (D:13)
  2 two-headed ogres
  A tengu warrior (D:13)
  3 death yaks (Lair:1)
  Nergalle (D:10)
  Amaemon (Lair:1)
  3 manticores
  4 cyclopes
  Joseph (D:9)
  2 gargoyles
  A cane toad (Lair:1)
  An orange demon (Lair:1)
  3 komodo dragons (Lair:1)
  A tengu conjurer (D:10)
  2 hornets
  2 trolls
  2 polar bears (D:10)
  4 slime creatures (D:13)
  2 centaur simulacra (D:10)
  2 basilisks
  Sigmund (D:6)
  A vampire (D:12)
  3 wraiths
  A wyvern (D:7)
  15 yaks
  Grum (D:8)
  2 steam dragons
  6 vampire mosquitoes
  2 wargs (D:8)
  An acid dragon (D:11)
  A water moccasin (D:5)
  Duvessa (D:6)
  2 sky beasts
  6 orc warriors
  3 ice beasts
  A tengu (D:11)
  3 ogres
  8 centaurs
  5 wolves
  3 phantoms
  2 gnoll sergeants
  3 kobold brigands
  5 bullfrogs
  3 necrophages
  4 scorpions
  Dowan (D:6)
  4 wights
  5 killer bees
  3 howler monkeys
  2 electric eels
  5 hounds
  3 jellies
  2 orc priests (D:8)
  3 iguanas
  Terence (D:2)
  10 orc wizards
  7 gnolls
  7 adders
  6 white imps
  2 ufetubi
  2 worms
  A dart slug (D:4)
  32 orcs
  9 endoplasms
  8 giant cockroaches
  2 goblins
  7 hobgoblins
  7 jackals (D:4)
  7 quokkas
  7 ball pythons
  3 bats
  2 frilled lizards (D:1)
  20 kobolds
  4 rats
  A spectral hobgoblin (D:3)
  6 bushes (D:5)
309 creatures vanquished.

Vanquished Creatures (collateral kills)
  A foxfire (Lair:1)
1 creature vanquished.

Vanquished Creatures (others)
  A great orb of eyes (D:7)
  A meliai simulacrum (D:10)
  2 bushes (D:5)
  361 foxfires
  3 fungi (Lair:1)
  32 plants
400 creatures vanquished.

Grand Total: 710 creatures vanquished

Notes
Turn   | Place    | Note
-------+----------+-------------------------------------------
     0 | D:1      | Ijustatesigmund the Gnoll Fire Elementalist began the quest
                  | for the Orb.
     0 | D:1      | Reached XP level 1. HP: 13/13 MP: 6/6
     4 | D:1      | Noticed an electric eel
   188 | D:1      | Reached XP level 2. HP: 19/19 MP: 3/7
   191 | D:1      | Learned a level 2 spell: Scorch
  1199 | D:1      | Reached XP level 3. HP: 25/25 MP: 6/9
  1203 | D:1      | Reached skill level 5 in Spellcasting
  1432 | D:2      | Noticed Terence
  1469 | D:2      | Killed Terence
  1470 | D:2      | Reached skill level 1 in Fighting
  1470 | D:2      | Reached skill level 1 in Short Blades
  1470 | D:2      | Reached skill level 1 in Long Blades
  1470 | D:2      | Reached skill level 1 in Axes
  1470 | D:2      | Reached skill level 1 in Maces & Flails
  1470 | D:2      | Reached skill level 1 in Polearms
  1470 | D:2      | Reached skill level 1 in Staves
  1470 | D:2      | Reached skill level 1 in Slings
  1470 | D:2      | Reached skill level 1 in Bows
  1470 | D:2      | Reached skill level 1 in Crossbows
  1470 | D:2      | Reached skill level 1 in Throwing
  1470 | D:2      | Reached skill level 1 in Armour
  1470 | D:2      | Reached skill level 1 in Shields
  1470 | D:2      | Reached skill level 1 in Unarmed Combat
  1470 | D:2      | Reached skill level 1 in Invocations
  1470 | D:2      | Reached skill level 1 in Evocations
  1717 | D:2      | Reached XP level 4. HP: 26/32 MP: 4/11
  2491 | D:3      | Identified the +3 leather armour of the End {rC+ SInv}
  2525 | D:3      | Reached skill level 1 in Hexes
  2525 | D:3      | Reached skill level 1 in Summonings
  2525 | D:3      | Reached skill level 1 in Necromancy
  2525 | D:3      | Reached skill level 1 in Translocations
  2525 | D:3      | Reached skill level 1 in Transmutations
  2525 | D:3      | Reached skill level 1 in Ice Magic
  2525 | D:3      | Reached skill level 1 in Air Magic
  2525 | D:3      | Reached skill level 1 in Earth Magic
  2525 | D:3      | Reached skill level 1 in Poison Magic
  3170 | D:3      | Gained mutation: You are robust. (+10% HP) [potion of
                  | mutation]
  3170 | D:3      | Gained mutation: Your muscles are strong. (Str +2) [potion
                  | of mutation]
  3196 | D:3      | Found a faded altar of an unknown god.
  3505 | D:3      | Reached XP level 5. HP: 40/40 MP: 7/12
  3556 | D:3      | Learned a level 4 spell: Flame Wave
  3559 | D:3      | Learned a level 2 spell: Passwall
  3805 | D:4      | Reached XP level 6. HP: 44/48 MP: 3/13
  4185 | D:4      | Found Foufed's General Store.
  4527 | D:4      | Reached skill level 5 in Dodging
  4638 | D:4      | Found a broken altar of Ashenzari.
  4746 | D:5      | Entered Level 5 of the Dungeon
  4767 | D:5      | Noticed a water moccasin
  4784 | D:5      | Killed a water moccasin
  4790 | D:5      | Reached XP level 7. HP: 23/55 MP: 15/15
  4895 | D:5      | Found a staircase to the Ecumenical Temple.
  4915 | Temple   | Entered the Ecumenical Temple
  5217 | Temple   | Became a worshipper of Cheibriados the Contemplative
  5668 | D:5      | Reached skill level 5 in Stealth
  6057 | D:5      | Reached XP level 8. HP: 62/62 MP: 8/16
  7104 | D:5      | You fall into a shaft and drop 1 floor!
  7479 | D:6      | Learned a level 3 spell: Stone Arrow
  7786 | D:6      | Noticed Sigmund
  7791 | D:6      | Killed Sigmund
  8218 | D:6      | Reached * piety under Cheibriados
  8431 | D:6      | Noticed Dowan
  8431 | D:6      | Noticed Duvessa
  8433 | D:6      | Killed Dowan
  8435 | D:6      | Killed Duvessa
  8436 | D:6      | Reached XP level 9. HP: 71/71 MP: 18/18
  8976 | D:7      | Noticed a manticore
  8982 | D:7      | Killed a manticore
  9263 | D:7      | Noticed a boulder beetle
  9265 | D:7      | Noticed a great orb of eyes
  9265 | D:7      | a boulder beetle changed into a great orb of eyes
  9275 | D:7      | Paralysed by a great orb of eyes for 4 turns
  9279 | D:7      | Killed a great orb of eyes
  9289 | D:7      | Reached skill level 5 in Invocations
  9703 | D:7      | Reached ** piety under Cheibriados
  9811 | D:7      | Reached XP level 10. HP: 80/80 MP: 12/20
 10123 | D:7      | Upgraded the game from 0.29-a0-418-gc0181ea820 to
                  | 0.29-a0-419-g77450f2105
 10365 | D:8      | Paralysed by a hornet for 1 turns
 10370 | D:8      | Paralysed by a hornet for 3 turns
 10375 | D:8      | Reached skill level 5 in Fighting
 10375 | D:8      | Reached skill level 5 in Short Blades
 10375 | D:8      | Reached skill level 5 in Long Blades
 10375 | D:8      | Reached skill level 5 in Axes
 10375 | D:8      | Reached skill level 5 in Maces & Flails
 10375 | D:8      | Reached skill level 5 in Polearms
 10375 | D:8      | Reached skill level 5 in Staves
 10375 | D:8      | Reached skill level 5 in Slings
 10375 | D:8      | Reached skill level 5 in Bows
 10375 | D:8      | Reached skill level 5 in Crossbows
 10375 | D:8      | Reached skill level 5 in Throwing
 10375 | D:8      | Reached skill level 5 in Armour
 10375 | D:8      | Reached skill level 5 in Shields
 10375 | D:8      | Reached skill level 5 in Unarmed Combat
 10375 | D:8      | Reached skill level 5 in Evocations
 10730 | D:8      | Identified the +4 quarterstaff of Dividends {flame, rElec
                  | rF++}
 11194 | D:8      | Found a staircase to the Lair.
 11197 | D:8      | Noticed Grum
 11202 | D:8      | Reached *** piety under Cheibriados
 11212 | D:8      | Killed Grum
 11213 | D:8      | Reached skill level 5 in Conjurations
 11741 | D:9      | Noticed Harold
 12308 | D:8      | Killed Harold
 12622 | D:9      | Noticed a two-headed ogre
 12627 | D:9      | Killed a two-headed ogre
 12628 | D:9      | Reached XP level 11. HP: 51/89 MP: 12/22
 12637 | D:9      | Reached **** piety under Cheibriados
 12673 | D:9      | Noticed Joseph
 12680 | D:9      | Killed Joseph
 12681 | D:9      | Reached skill level 5 in Hexes
 12681 | D:9      | Reached skill level 5 in Summonings
 12681 | D:9      | Reached skill level 5 in Necromancy
 12681 | D:9      | Reached skill level 5 in Translocations
 12681 | D:9      | Reached skill level 5 in Transmutations
 12681 | D:9      | Reached skill level 5 in Ice Magic
 12681 | D:9      | Reached skill level 5 in Air Magic
 12681 | D:9      | Reached skill level 5 in Earth Magic
 12681 | D:9      | Reached skill level 5 in Poison Magic
 13535 | D:9      | Noticed a wolf spider
 13535 | D:9      | Noticed a deep elf pyromancer
 13535 | D:9      | Noticed a deep elf archer
 13536 | D:9      | Found a runed translucent door.
 13540 | D:9      | Noticed a manticore
 13540 | D:9      | Noticed a manticore
 13540 | D:9      | Noticed an orc knight
 13540 | D:9      | Noticed a cyclops
 13735 | D:10     | Entered Level 10 of the Dungeon
 14420 | D:10     | Noticed Snorg
 14448 | D:10     | Killed Snorg
 14453 | D:10     | Noticed Nergalle
 14473 | D:10     | Killed Nergalle
 14771 | D:10     | Noticed Fannar
 14782 | D:10     | Killed Fannar
 15015 | D:10     | Reached ***** piety under Cheibriados
 15417 | D:10     | Noticed a manticore
 15424 | D:10     | Reached XP level 12. HP: 94/97 MP: 17/24
 16174 | D:11     | Noticed a seven-headed hydra
 16180 | D:11     | Killed a seven-headed hydra
 17022 | D:11     | Found a runed translucent gate.
 17022 | D:11     | Found a runed translucent gate.
 17022 | D:11     | Found a runed translucent gate.
 17022 | D:11     | Noticed Serus's ghost (journeyman VSFi)
 17024 | D:11     | Noticed a ten-headed hydra
 17820 | D:12     | Found a staircase to the Orcish Mines.
 18186 | D:12     | Noticed a six-headed hydra
 18189 | D:12     | Killed a six-headed hydra
 18588 | D:13     | HP: 2/100 [+4 long sword (6)]
 18970 | D:13     | Found a gate to the Vaults.
 19002 | D:13     | Noticed a tengu warrior
 19012 | D:13     | Killed a tengu warrior
 19206 | D:13     | Noticed a two-headed ogre
 19217 | D:13     | Killed a two-headed ogre
 19546 | D:13     | Noticed a seven-headed hydra
 19553 | D:13     | Killed a seven-headed hydra
 19828 | D:13     | Reached XP level 13. HP: 98/107 MP: 15/26
 20433 | Lair:1   | Entered Level 1 of the Lair of Beasts
 20444 | Lair:1   | Reached ****** piety under Cheibriados
 20671 | Lair:1   | Noticed Amaemon
 20676 | Lair:1   | Killed Amaemon
 21712 | Lair:1   | Slain by a catoblepas

Illustrated notes

Levels and vault maps discovered:
D:1:      arrival_aquarium_a, layout_basic
D:2:      layout_rooms, dreamdust_mushroom_princess, uniq_terence
D:3:      layout_loops_ring, dreamdust_ecumenical_altar_drowned_temple
D:4:      layout_loops_ring, nicolae_ashenzari_skybound, serial_shops,
          nicolae_shop_behind_doors
D:5:      minmay_razor_zed, layout_loops_ring, minmay_temple_entry_junction,
          minmay_hedge_maze
D:6:      layout_basic, serial_rivers, chequers_serial_rivers_large_a,
          chequers_serial_rivers_room_b, chequers_serial_rivers_small_a,
          chequers_serial_rivers_large_b, uniq_sigmund, uniq_duvessa
D:7:      cheibrodos_barr_body, layout_basic, hangedman_abyss_or_decor_stabs
D:8:      statuecave_lemuel, layout_loops_ring, erik_lair_orcish_takeover,
          minivault_26, uniq_grum
D:9:      minmay_gate_of_8, layout_basic, uniq_joseph, uniq_harold
D:10:     layout_basic, serial_ice, serial_ice_h, serial_ice_d, serial_ice_b,
          serial_ice_l, serial_ice_o, serial_ice_g, serial_ice_n, serial_ice_m,
          uniq_fannar, uniq_nergalle, uniq_snorg
D:11:     layout_roguey, gammafunk_ghost_hydra_chop
D:12:     layout_loops_ring, david_orc_2, roderic_roman_lattice,
          kennysheep_just_a_vault
D:13:     layout_basic, erik_vaults_1
Temple:   roderic_octagonal_lattice_temple
Lair:1:   layout_loops_ring, nicolae_lair_grazing_beasts
          [nicolae_sub_lair_graze_edge, nicolae_sub_lair_graze_edge,
          nicolae_sub_lair_graze_edge, nicolae_sub_lair_graze_edge],
          lemuel_fruit_tree, uniq_amaemon

Skill      XL: |  1  2  3  4  5  6  7  8  9 10 11 12 13 |
---------------+----------------------------------------+-----
Conjurations   | 2 3 4 5 6 7 |  7.2
Spellcasting   | 5 6 7 8 9 |  9.7
Fighting       | 1 2 3 4 5 6 7 8 |  8.2
Short Blades   | 1 2 3 4 5 6 7 8 |  8.2
Long Blades    | 1 2 3 4 5 6 7 8 |  8.2
Axes           | 1 2 3 4 5 6 7 8 |  8.2
Maces & Flails | 1 2 3 4 5 6 7 8 |  8.2
Polearms       | 1 2 3 4 5 6 7 8 |  8.2
Staves         | 1 2 3 4 5 6 7 8 |  8.2
Slings         | 1 2 3 4 5 6 7 8 |  8.2
Bows           | 1 2 3 4 5 6 7 8 |  8.2
Crossbows      | 1 2 3 4 5 6 7 8 |  8.2
Throwing       | 1 2 3 4 5 6 7 8 |  8.2
Armour         | 1 2 3 4 5 6 7 8 |  8.2
Shields        | 1 2 3 4 5 6 7 8 |  8.2
Unarmed Combat | 1 2 3 4 5 6 7 8 |  8.2
Invocations    | 1 2 3 4 5 6 7 8 9 |  9.0
Evocations     | 1 2 3 4 5 6 7 8 |  8.2
Hexes          | 1 2 3 4 5 6 |  6.8
Summonings     | 1 2 3 4 5 6 |  6.8
Necromancy     | 1 2 3 4 5 6 |  6.8
Translocations | 1 2 3 4 5 6 |  6.8
Transmutations | 1 2 3 4 5 6 |  6.8
Ice Magic      | 1 2 3 4 5 6 |  6.8
Air Magic      | 1 2 3 4 5 6 |  6.8
Earth Magic    | 1 2 3 4 5 6 |  6.8
Poison Magic   | 1 2 3 4 5 6 |  6.8
Dodging        | 5 6 7 8 9 |  9.4
Stealth        | 5 6 7 8 9 |  9.3
Fire Magic     | 6 7 8 |  8.8

Action                   |  1- 3 |  4- 6 |  7- 9 | 10-12 | 13-15 || total
-------------------------+-------+-------+-------+-------+-------++-------
Melee: Dagger            |       |     9 |       |     2 |       ||    11
       Bite              |       |     1 |       |    42 |     7 ||    50
       Quarterstaff      |       |       |       |   227 |    22 ||   249
 Cast: Foxfire           |    63 |    33 |    36 |    73 |    13 ||   218
       Scorch            |     5 |    50 |    46 |     7 |     4 ||   112
       Flame Wave        |       |       |     4 |    33 |     4 ||    41
       Stone Arrow       |       |       |    38 |   107 |    24 ||   169
Evoke: Wand              |       |       |     9 |     6 |     5 ||    20
  Use: Scroll            |       |    12 |     8 |     9 |       ||    29
       Potion            |       |     3 |     3 |     8 |     1 ||    15
 Stab: Sleeping          |       |     1 |       |     3 |     1 ||     5
       Distracted        |       |       |       |     2 |       ||     2
Armor: Leather armour    |       |    13 |    14 |    82 |    11 ||   120
       Robe              |       |     1 |       |       |       ||     1
Dodge: Dodged            |     7 |    48 |    43 |   333 |    32 ||   463
Block: Other             |       |       |     3 |    90 |     5 ||    98
       Reflection        |       |       |     1 |     4 |       ||     5

Table legend: (Time is in decaauts)
 A = Elapsed time spent in this place.
 B = Non-inter-level travel time spent in this place.
 C = Inter-level travel time spent in this place.
 D = Time resting spent in this place.
 E = Time spent auto-exploring this place.
 F = Levels seen in this place.
 G = Mean time per level.
                   A        B        C        D        E       F      G
               +--------+--------+--------+--------+--------+-----+--------+
         Total |  26013 |  25076 |    937 |   7468 |  14853 |  15 | 1734.2 |
       Dungeon |  24147 |  23275 |    872 |   6684 |  14083 |  13 | 1857.5 |
        Temple |    329 |    265 |     64 |      0 |    243 |   1 |  329.0 |
          Lair |   1536 |   1536 |      0 |    784 |    527 |   1 | 1536.0 |
               +--------+--------+--------+--------+--------+-----+--------+

Top non-repeatable levels by time:
    D:10: 2918 daAuts
     D:8: 2565 daAuts
     D:5: 2492 daAuts
    D:13: 2235 daAuts
     D:7: 2067 daAuts
    D:11: 1911 daAuts
     D:9: 1853 daAuts
    D:12: 1773 daAuts
     D:6: 1578 daAuts
  Lair:1: 1536 daAuts
     D:1: 1424 daAuts
     D:3: 1230 daAuts
     D:4: 1177 daAuts
     D:2: 919 daAuts
  Temple: 329 daAuts
